 Dungeon Crawl Stone Soup version 0.29-a0-998-g1987434951 (webtiles) character file.

Game seed: 12735222981701221357

4 jt the Magician (level 1, 0/12 HPs)
             Began as a Gargoyle Hedge Wizard on Aug 5, 2022.
             Slain by a hobgoblin (3 damage)
             ... on level 1 of the Dungeon.
             The game lasted 00:00:29 (93 turns).

jt the Magician (Gargoyle Hedge Wizard)               Turns: 93, Time: 00:00:31

Health: 0/12       AC:  4    Str: 13    XL:     1   Next: 60%
Magic:  1/4        EV: 11    Int: 14    God:
Gold:   9          SH:  0    Dex:  9    Spells: 5/6 levels left

rFire   . . .      SeeInvis .   a - +0 hand axe
rCold   . . .      Faith    .   (no shield)
rNeg    + . .      Spirit   .   b - +0 robe
rPois   ∞          Reflect  .   c - +0 hat
rElec   +          Harm     .   (no cloak)
rCorr   .          Rampage  .   (no gloves)
Will    .....                   (no boots)
Stlth   ++........              (no amulet)
HPRegen 0.04/turn               (no ring)
MPRegen 0.09/turn               (no ring)

@: no status effects
A: sickness immunity, AC +2, negative energy resistance 1, electricity
resistance, torment resistance 1, petrification resistance
a: no special abilities


You were on level 1 of the Dungeon.
You visited 1 branch of the dungeon, and saw 1 of its levels.

You collected 9 gold pieces.

Inventory:

Hand Weapons
 a - a +0 hand axe (weapon)
 e - a +0 dagger
Armour
 b - a +0 robe (worn)
 c - a +0 hat (worn)
Potions
 d - a potion of magic


   Skills:
 + Level 1.0 Fighting
 + Level 0.1 Axes
 - Level 1.5 Dodging
 - Level 2.1 Stealth
 - Level 3.0 Spellcasting
 - Level 1.1 Conjurations
 - Level 0.8 Summonings
 - Level 0.8 Translocations


You had 5 spell levels left.
You knew the following spells:

 Your Spells              Type           Power      Damage    Failure   Level
a - Magic Dart            Conj           20%        1d4       14%         1

Your spell library contained the following spells:

 Spells                   Type           Power      Damage    Failure   Level
 Slow                     Hex            8%         N/A       22%         1
 Blink                    Tloc           8%         N/A       22%         2
 Call Imp                 Summ           4%         N/A       22%         2
 Conjure Flame            Conj/Fire      3%         6-21      45%         3
 Mephitic Cloud           Conj/Pois/Air  3%         N/A       50%         3


Dungeon Overview and Level Annotations

Branches:
Dungeon (1/15)

Altars:


Innate Abilities, Weirdness & Mutations

You are immune to sickness and miasma.
Your stone body is resilient. (AC +2)
You are immune to poison.
You resist negative energy. (rN+)
You are resistant to electric shocks. (rElec)
You are resistant to unholy torment.
You are immune to petrification.


Message History

You barely miss the hobgoblin.
The hobgoblin is heavily wounded.
The hobgoblin hits you.
You barely miss the hobgoblin.
The hobgoblin is heavily wounded.
The hobgoblin completely misses you. The rat bites you but does no damage.
The hobgoblin hits you.
You barely miss the hobgoblin.
The hobgoblin is moderately wounded.
You closely miss the rat. The hobgoblin closely misses you.
The rat closely misses you.
You hit the hobgoblin but do no damage.
The hobgoblin is moderately wounded.
You barely miss the rat. The hobgoblin hits you.
The rat bites you but does no damage.
You are too injured to fight recklessly!
You are too injured to fight recklessly!
You barely miss the hobgoblin.
The hobgoblin is moderately wounded.
You closely miss the rat. The hobgoblin barely misses you.
The rat barely misses you. The rat bites you but does no damage.
The hobgoblin completely misses you.
You closely miss the hobgoblin.
The hobgoblin is moderately wounded.
You hit the rat. The rat bites you.
* * * LOW HITPOINT WARNING * * *
The hobgoblin hits you but does no damage.
You completely miss the hobgoblin.
The hobgoblin is moderately wounded.
You hit the rat.
You kill the rat!
The hobgoblin closely misses you.
You are too injured to fight recklessly!
Aiming: Magic Dart (safe; 14% risk of failure)
Press: ? - help, Q - select action Shift-Dir - straight line, f/p - hobgoblin
Aim: a hobgoblin (lightly wounded, 100% to hit)
The magic dart hits the hobgoblin but does no damage.
The hobgoblin is lightly wounded.
The hobgoblin hits you.
You die...

..#..#..#~.~~.~~~..~# .
#.#..#..#~.~~.<.~~.~#
..#....#..#~..~~~.~~.~#
...[......#~~..~..~~.~#
.##.......#~~~...~~..~#
..........#.~~~~~~..~~#
..#.......8.....(.~~##
#...........###''#####
##....#......g@..#
#....#......†.###
..............##
##########....#
#......# ##.......
#......... ##.####....
#.# ####


You could see a hobgoblin.

Vanquished Creatures
  A bat (D:1)
  An endoplasm (D:1)
  2 rats (D:1)
4 creatures vanquished.

Notes
Turn   | Place    | Note
-------+----------+-------------------------------------------
     0 | D:1      | jt the Gargoyle Hedge Wizard began the quest for the Orb.
     0 | D:1      | Reached XP level 1. HP: 10/10 MP: 4/4
    32 | D:1      | Reached skill level 1 in Fighting
    93 | D:1      | Slain by a hobgoblin

Illustrated notes

Levels and vault maps discovered:
D:1:      psy_arrival_whirlpool, layout_rooms,
          ebering_ecumenical_altar_abandoned, serial_curves, eino_curves_01,
          eino_curves_01, corner_web_ring, minmay_tromino_mix6

Skill      XL: |  1 |
---------------+----+-----
Fighting       | 1 |  1.0
Axes           | |  0.1
Dodging        | |  1.5
Stealth        | |  2.1
Spellcasting   | |  3.0
Conjurations   | |  1.1
Summonings     | |  0.8
Translocations | |  0.8

Action                   || total
-------------------------++-------
Melee: Hand axe          ||    10
 Cast: Magic Dart        ||     9
Armor: Robe              ||     4
Dodge: Dodged            ||     8

Table legend: (Time is in decaauts)
 A = Elapsed time spent in this place.
 B = Non-inter-level travel time spent in this place.
 C = Inter-level travel time spent in this place.
 D = Time resting spent in this place.
 E = Time spent auto-exploring this place.
 F = Levels seen in this place.
 G = Mean time per level.
                   A        B        C        D        E       F      G
               +--------+--------+--------+--------+--------+-----+--------+
         Total |     96 |     96 |      0 |     39 |      9 |   1 |   96.0 |
       Dungeon |     96 |     96 |      0 |     39 |      9 |   1 |   96.0 |
               +--------+--------+--------+--------+--------+-----+--------+

Top non-repeatable levels by time:
     D:1: 96 daAuts
